Map: 2000 Atmospheres LE

Players

Astrea

  • Race: Protoss Protoss

HeroMarine - Winner!

  • Race: Terran Terran

Event: IEM Katowice 2022

VOD

Have the link to the VOD?

Description

Time

  • Played on: Feb. 25, 2022, 9:17 a.m.
  • Length: 23:03

All games in this series

Show
View Real Time Build Order
Export as new Build Order

Astrea Protoss 

Build Orders: 1 Gate Expand, Blink Stalkers, Colossus Rush 

Get SALT Encoding   

  12  0:00  Probe  
  13  0:12  Probe  
  14  0:16  Pylon  
  14  0:24  Probe (Chrono Boost)  
  16  0:36  Gateway, Probe (Chrono Boost)  
  16  0:43  Probe (Chrono Boost)  
  16  0:45  Assimilator  
  17  0:51  Probe  
  18  1:03  Probe  
  19  1:15  Probe  
  20  1:24  Cybernetics Core  
  20  1:31  Nexus  
  20  1:34  Probe  
  21  1:41  Pylon  
  21  1:47  Probe  
  22  1:50  Assimilator  
  22  1:57  Adept (Chrono Boost)  
  22  1:59  Probe  
  22  2:01  Warp Gate  
  25  2:11  Probe  
  26  2:17  Stalker (Chrono Boost)  
  28  2:23  Probe  
  29  2:34  Twilight Council  
  29  2:35  Probe  
  30  2:42  Shield Battery  
  30  2:43  Probe  
  31  2:47  Probe  
  31  2:49  Stalker  
  34  2:56  Probe  
  35  3:03  Blink (Chrono Boost), Probe  
  36  3:08  Probe  
  37  3:15  Probe  
  38  3:20  Probe (Chrono Boost)  
  38  3:27  Gateway  
  39  3:31  Robotics Facility, Probe (Chrono Boost)  
  39  3:32  Probe (Chrono Boost)  
  41  3:35  Pylon  
  41  3:41  Probe (Chrono Boost)  
  43  3:42  Probe (Chrono Boost)  
  43  3:47  Probe  
  43  3:49  Stalker  
  43  3:53  Probe  
  47  3:59  Probe  
  48  4:05  Nexus  
  48  4:06  Probe  
  48  4:09  Pylon  
  49  4:12  Probe  
  49  4:15  Stalker  
  52  4:19  Observer  
  52  4:20  Probe  
  52  4:23  Assimilator  
  54  4:27  Probe  
  54  4:28  Stalker, Assimilator  
  57  4:33  Probe  
  57  4:35  Pylon  
  58  4:39  Probe  
  58  4:40  Stalker  
  58  4:44  Observer  
  62  4:53  Stalker, Probe x2  
  62  4:59  Pylon  
  66  5:03  Robotics Bay  
  66  5:05  Probe  
  66  5:06  Probe  
  68  5:13  Charge  
  68  5:16  Probe  
  68  5:17  Probe  
  70  5:24  Probe (Chrono Boost)  
  70  5:26  Gateway  
  70  5:27  Gateway x2  
  71  5:29  Probe (Chrono Boost)  
  71  5:31  Observer  
  71  5:33  Stalker  
  71  5:35  Stalker, Probe (Chrono Boost)  
  78  5:39  Probe x2 (Chrono Boost)  
  80  5:43  Probe x2 (Chrono Boost)  
  80  5:46  Probe  
  80  5:48  Forge  
  82  5:51  Colossus (Chrono Boost)  
  82  5:53  Probe  
  89  6:01  Probe, Observer  
  89  6:02  Probe  
  91  6:04  Pylon  
  91  6:07  Gateway  
  91  6:10  Gateway  
  91  6:21  Extended Thermal Lance  
  91  6:24  Sentry  
  91  6:25  Zealot x3  
  99  6:27  Shield Battery  
  99  6:43  Sentry  
  100  6:47  Pylon  
  100  6:49  Pylon  
  100  6:53  Colossus (Chrono Boost)  
  100  6:57  Stalker  
  100  6:58  Zealot x2  
  96  7:02  Zealot x2  
  96  7:04  Observer  
  96  7:05  Observer  
  90  7:12  Probe  
  83  7:17  Stalker x3  
  83  7:21  Shield Battery  
  83  7:22  Probe x2  
  91  7:23  Assimilator  
  91  7:24  Probe  
  91  7:25  Forge  
  91  7:27  Assimilator  
  91  7:29  Sentry  
  94  7:30  Sentry, Zealot x2  
  100  7:38  Colossus (Chrono Boost)  
  105  7:47  Pylon x2  
  105  7:48  Zealot x2  
  105  7:50  Phoenix  
  109  7:56  Zealot x2  
  99  7:59  Pylon x2  
  99  8:01  Stalker  
  98  8:09  Zealot x3  
  102  8:15  Gateway  
  102  8:17  Pylon  
  102  8:20  Protoss Ground Armor Level 1 (Chrono Boost)  
  102  8:21  Dark Shrine  
  102  8:22  Zealot x2, Protoss Ground Weapons Level 1 (Chrono Boost)  
  102  8:24  Forge  
  102  8:25  Warp Prism  
  102  8:26  Robotics Facility  
  108  8:28  Probe x2  
  109  8:39  Stalker x4  
  113  8:57  Zealot x3  
  113  9:01  Zealot x3  
  111  9:14  Zealot x4  
  119  9:17  Disruptor x2  
  122  9:28  Stalker x3  
  122  9:31  Probe x3  
  129  9:32  Pylon  
  129  9:38  Shadow Stride  
  129  9:42  Dark Templar  
  129  9:44  Dark Templar  
  133  9:46  Pylon  
  133  9:52  Nexus, Disruptor  
  133  9:54  Disruptor  
  135  10:03  Protoss Ground Weapons Level 2 (Chrono Boost)  
  133  10:11  Protoss Ground Armor Level 2 (Chrono Boost)  
  129  10:21  Zealot x6  
  139  10:28  Disruptor (Chrono Boost)  
  139  10:30  Photon Cannon, Shield Battery, Probe, Disruptor (Chrono Boost)  
  139  10:33  Pylon  
  144  10:40  Probe x2  
  144  10:41  Pylon  
  144  10:42  Probe  
  147  10:50  Stalker  
  147  10:52  Probe  
  147  10:53  Pylon x2  
  147  10:55  Pylon  
  148  10:57  Dark Templar x2  
  148  10:58  Dark Templar  
  148  11:01  Zealot  
  155  11:04  Dark Templar  
  151  11:14  Disruptor (Chrono Boost)  
  151  11:15  Disruptor (Chrono Boost)  
  151  11:17  Probe x3  
  151  11:18  Probe  
  153  11:29  Probe  
  154  11:39  Stalker x4  
  162  11:43  Disruptor x2 (Chrono Boost)  
  158  11:47  Zealot x4  
  132  12:11  Nexus  
  128  12:16  Stalker x3, Disruptor  
  128  12:17  Stalker x4  
  128  12:21  Zealot  
  147  12:23  Protoss Ground Weapons Level 3 (Chrono Boost)  
  143  12:39  Observer  
  143  12:44  Zealot x8  
  160  12:52  Observer  
  160  12:53  Pylon  
  160  12:54  Protoss Ground Armor Level 3 (Chrono Boost)  
  161  13:01  Pylon  
  161  13:03  Probe x3  
  164  13:06  Dark Templar x2  
  167  13:16  Zealot x6  
  168  13:37  Zealot x4  
  168  13:38  Zealot x3  
  168  13:39  Zealot  
  184  13:46  Nexus  
  184  13:49  Probe x2  
  184  13:50  Probe x2  
  188  14:04  Pylon  
  183  14:13  Zealot x8  
  179  14:19  Disruptor (Chrono Boost)  
  179  14:20  Disruptor (Chrono Boost)  
  155  14:37  Dark Templar x2  
  155  14:38  Dark Templar x5  
  160  14:44  Nexus  
  159  14:52  Assimilator, Disruptor (Chrono Boost)  
  159  14:53  Assimilator  
  159  14:59  Zealot  
  167  15:02  Disruptor (Chrono Boost)  
  167  15:04  Protoss Shields Level 1  
  167  15:10  Dark Templar x5  
  175  15:18  Probe x3  
  175  15:19  Probe  
  175  15:20  Disruptor (Chrono Boost)  
  182  15:30  Pylon, Probe  
  181  15:41  Zealot x3  
  181  15:42  Zealot x4  
  193  15:52  Observer  
  157  16:22  Nexus  
  151  16:32  Stalker x8  
  133  16:55  Disruptor (Chrono Boost)  
  133  16:58  Pylon  
  133  16:59  Probe x4  
  140  17:07  Robotics Facility  
  140  17:13  Dark Templar x2  
  140  17:14  Dark Templar x5  
  153  17:40  Assimilator  
  153  17:42  Assimilator  
  153  17:43  Assimilator  
  153  17:48  Stalker  
  153  17:49  Stalker x5  
  163  18:10  Dark Templar x2  
  167  18:17  Nexus  
  163  18:21  Disruptor x2 (Chrono Boost)  
  163  18:22  Zealot x6  
  181  18:31  Pylon  
  181  18:48  Disruptor x2 (Chrono Boost)  
  173  18:53  Zealot x8  
  195  18:56  Probe x2  
  122  19:26  Disruptor x2 (Chrono Boost)  
  122  19:27  Stalker x8  
  121  19:51  Zealot x8  
  135  19:56  Disruptor x2 (Chrono Boost)  
  134  20:11  Dark Templar x2  
  138  20:15  Zealot x5  
  138  20:16  Nexus  
  146  20:22  Zealot  
  158  20:35  Stalker  
  158  20:36  Stalker  
  143  20:56  Zealot x2, Dark Templar x3  
  138  21:07  Zealot x3  
  126  21:20  Zealot x2  
  129  21:28  Robotics Facility  
  129  21:29  Robotics Facility  
  129  21:31  Stalker x5  
  129  21:41  Dark Templar x2  
  119  21:55  Zealot x2  
Show
View Real Time Build Order
Export as new Build Order

HeroMarine Terran - Winner!

Build Orders: Reaper Expand 

Get SALT Encoding   

  12  0:00  SCV  
  13  0:12  SCV  
  14  0:17  Supply Depot  
  14  0:24  SCV  
  15  0:38  SCV  
  15  0:40  Barracks  
  15  0:42  Refinery  
  16  0:50  SCV  
  17  1:03  SCV  
  18  1:15  SCV  
  19  1:26  Reaper  
  19  1:27  Orbital Command  
  20  1:42  Command Center  
  20  1:54  SCV  
  20  1:56  Bunker  
  20  1:59  Supply Depot  
  21  2:03  Marine  
  21  2:06  SCV  
  23  2:14  Factory  
  23  2:21  SCV, Barracks Reactor  
  24  2:30  Bunker  
  24  2:33  SCV  
  25  2:37  Refinery  
  25  2:45  SCV  
  26  2:56  Orbital Command  
  26  2:57  SCV  
  26  2:58  Hellion, Marine  
  28  3:02  Marine  
  30  3:09  SCV  
  31  3:13  Starport  
  31  3:20  Marine x2  
  31  3:21  SCV  
  31  3:22  Widow Mine  
  31  3:24  SCV  
  36  3:31  Supply Depot  
  36  3:33  SCV  
  37  3:36  SCV  
  37  3:37  Marine  
  37  3:38  Marine  
  40  3:44  Widow Mine  
  40  3:45  SCV  
  40  3:48  SCV  
  44  3:49  Barracks  
  44  3:52  Medivac  
  46  3:57  SCV  
  46  3:59  Supply Depot  
  46  4:00  SCV, Marine  
  46  4:01  Marine  
  50  4:05  Factory Tech Lab  
  51  4:10  SCV  
  51  4:12  SCV  
  51  4:14  Barracks  
  52  4:22  SCV  
  52  4:23  Marine x2  
  55  4:24  SCV  
  55  4:27  Raven  
  55  4:30  Factory Tech Lab  
  58  4:31  Refinery  
  58  4:34  SCV  
  58  4:35  Engineering Bay  
  58  4:36  SCV  
  60  4:41  Supply Depot  
  60  4:46  SCV  
  60  4:48  SCV  
  62  4:54  Stimpack  
  62  4:58  Supply Depot  
  62  4:59  Supply Depot  
  62  5:00  Terran Infantry Weapons Level 1  
  62  5:03  SCV x2, Marauder  
  62  5:05  Marine x2  
  62  5:06  Refinery  
  68  5:15  SCV x2, Combat Shield  
  68  5:19  Marauder  
  68  5:20  Starport Reactor  
  72  5:22  Supply Depot  
  72  5:23  Marine x2  
  72  5:24  Marauder  
  72  5:25  Factory Reactor  
  76  5:28  SCV  
  76  5:29  Supply Depot  
  76  5:41  Marine x2, Marauder  
  79  5:46  Marauder  
  81  5:51  Supply Depot  
  81  5:56  Medivac  
  81  5:57  Medivac  
  85  5:58  Supply Depot  
  85  5:59  Marine x2  
  85  6:02  Widow Mine x2  
  85  6:03  Marauder  
  93  6:07  SCV x2, Marauder  
  97  6:16  Marine  
  97  6:17  Marine  
  98  6:23  Widow Mine x2  
  98  6:25  Marauder  
  104  6:26  Medivac  
  104  6:28  Marauder  
  106  6:34  Medivac  
  106  6:38  Marine x2  
  108  6:43  Concussive Shells  
  108  6:45  Supply Depot  
  108  6:46  Marauder  
  108  6:47  Command Center  
  108  6:50  Marauder  
  108  6:53  SCV x2  
  110  6:54  Terran Infantry Armor Level 1  
  106  7:05  SCV  
  106  7:06  SCV  
  106  7:08  Marauder, Marine  
  96  7:11  Marauder  
  96  7:14  Marine  
  91  7:16  Medivac x2  
  91  7:17  Widow Mine  
  91  7:21  Widow Mine  
  101  7:26  Marine  
  101  7:28  Barracks  
  101  7:29  Marauder  
  102  7:30  Barracks  
  102  7:32  Marine  
  102  7:33  SCV x2, Marauder  
  107  7:43  Widow Mine x2  
  111  7:44  Marine  
  111  7:45  SCV x2  
  111  7:46  Medivac x2  
  111  7:50  Marine, Marauder  
  121  7:53  Marine  
  121  7:58  SCV x2  
  108  8:02  Marine  
  108  8:05  Widow Mine x2  
  113  8:10  SCV x2, Marine  
  113  8:12  Marauder x2  
  117  8:16  Medivac  
  117  8:19  Marine  
  119  8:22  SCV x2, Orbital Command  
  119  8:25  Barracks Reactor, Barracks Tech Lab  
  122  8:29  Marine  
  122  8:33  Marauder x2  
  128  8:34  SCV x2  
  128  8:37  Marine  
  130  8:46  SCV x2  
  129  8:52  Marauder, Medivac x2  
  129  8:53  Marine  
  129  8:54  Marauder  
  129  8:55  Marauder, Marine  
  138  8:56  SCV  
  138  8:58  SCV  
  141  9:07  Marine x2  
  141  9:13  Refinery x2, Marine x2, Marauder  
  141  9:15  Starport  
  141  9:16  Marauder x2  
  140  9:19  Command Center  
  140  9:22  Viking  
  140  9:25  Marine  
  141  9:32  Supply Depot  
  141  9:33  Supply Depot  
  141  9:34  Viking, Marine x3  
  141  9:35  Marauder  
  148  9:43  Supply Depot x2, Marine, Marauder x2  
  153  9:50  SCV x3  
  153  9:52  Viking  
  157  9:53  Marine x2  
  157  9:56  Marauder  
  157  9:57  Viking, Engineering Bay  
  157  9:58  Viking  
  165  10:02  SCV x3  
  165  10:04  Marauder  
  165  10:05  Missile Turret x2  
  169  10:14  SCV x2  
  159  10:16  Missile Turret  
  159  10:17  SCV, Bunker  
  161  10:22  Viking  
  163  10:28  Armory  
  163  10:31  Viking  
  163  10:32  Viking  
  163  10:33  SCV x2  
  163  10:34  SCV  
  167  10:40  Marine x3  
  167  10:41  Marine  
  171  10:44  Marauder x2  
  171  10:46  Marauder  
  171  10:47  Missile Turret  
  177  10:53  SCV x3  
  180  10:57  Medivac x2  
  180  10:58  Marine x2  
  180  11:02  Ghost Academy  
  180  11:03  Planetary Fortress  
  186  11:14  Marauder x3  
  186  11:15  Marine x2  
  172  11:24  Terran Infantry Weapons Level 2  
  172  11:25  Terran Infantry Armor Level 2  
  172  11:27  Barracks x2  
  172  11:28  Barracks  
  172  11:31  Marine x2  
  174  11:33  Enhanced Shockwaves, Marine  
  174  11:35  Missile Turret  
  175  11:40  Ghost x2  
  175  11:45  Marine  
  165  11:48  Marine  
  150  11:54  Liberator  
  150  11:57  Marine  
  149  12:01  Medivac  
  149  12:02  Marine x2  
  149  12:03  Marine  
  149  12:06  Ghost  
  156  12:08  Missile Turret  
  156  12:09  Ghost  
  156  12:10  Marauder  
  156  12:13  Supply Depot  
  156  12:14  Marine  
  162  12:20  Marine  
  162  12:22  Barracks Reactor  
  164  12:24  Barracks Tech Lab x2  
  164  12:25  Marine  
  164  12:26  Marine  
  162  12:31  Marauder  
  162  12:32  Liberator x2  
  162  12:34  Ghost  
  162  12:36  Refinery x2, Command Center  
  169  12:38  Marauder  
  171  12:48  Marine x2, Marauder x2  
  171  12:50  Marine x2  
  179  12:52  Medivac x2  
  179  12:53  Marauder  
  185  12:59  Sensor Tower  
  185  13:00  Marauder  
  185  13:03  Marauder  
  185  13:05  Marine  
  189  13:06  Marine  
  189  13:08  Marine  
  189  13:09  Marauder x2  
  189  13:10  Marine x2  
  198  13:14  Marauder  
  200  13:25  Marauder  
  193  13:30  Marauder, Marine  
  193  13:31  Marauder x2, Marine x2  
  193  13:32  Medivac x2  
  180  13:34  Ghost  
  180  13:43  Medivac x2  
  180  13:46  Marauder  
  186  13:51  Marauder  
  186  13:52  Marauder  
  187  14:04  Marauder x2  
  184  14:10  Ghost  
  184  14:16  Marauder  
  182  14:17  Ghost  
  182  14:20  Marine  
  182  14:21  Marine x3  
  182  14:22  Marine  
  187  14:24  Terran Infantry Weapons Level 3  
  187  14:25  Terran Infantry Armor Level 3, Ghost, Marine  
  187  14:26  Marauder  
  178  14:37  Marauder  
  174  14:38  Marine x2  
  174  14:39  Marine  
  174  14:40  Marauder  
  174  14:44  Marine x2  
  174  14:45  Marine  
  182  14:46  Ghost, Marauder  
  182  14:49  Missile Turret  
  182  14:52  Sensor Tower  
  186  14:53  Ghost, Planetary Fortress  
  186  14:56  Marine  
  186  14:58  Ghost  
  191  15:00  Marine x2  
  191  15:02  Ghost  
  195  15:10  Marauder, Marine  
  198  15:16  Marauder  
  199  15:33  Command Center  
  199  15:34  Command Center  
  197  15:52  Ghost  
  199  15:58  Missile Turret  
  199  16:01  Personal Cloaking  
  195  16:09  Ghost x2  
  168  16:13  Marauder  
  168  16:16  Ghost  
  168  16:17  Marine x4, Liberator x2  
  147  16:21  Marauder  
  147  16:23  Marine  
  147  16:24  Marine  
  148  16:30  Orbital Command x2  
  148  16:34  Marauder  
  148  16:36  Liberator  
  148  16:37  Ghost x2, Liberator  
  154  16:43  Marauder  
  154  16:45  Marauder, Marine  
  154  16:46  Marine  
  154  16:47  Marine x2  
  139  16:50  Marine x2  
  133  16:55  Orbital Command x2  
  133  16:56  Marauder  
  133  17:00  SCV x3  
  138  17:03  Marine x2  
  138  17:04  Marauder, Marine  
  138  17:07  Marauder x3  
  149  17:12  SCV  
  150  17:17  Missile Turret, Marauder, Sensor Tower  
  152  17:26  Marauder  
  152  17:27  Missile Turret  
  152  17:28  Marauder x3  
  158  17:33  Marine  
  158  17:36  Marine  
  160  17:38  Marauder  
  160  17:41  Missile Turret  
  162  17:44  Medivac  
  162  17:46  Medivac  
  162  17:47  Marauder  
  162  17:49  Ghost x2, Marauder  
  174  17:58  Marine  
  171  17:59  Ghost  
  171  18:00  Marine x3  
  171  18:01  Marine  
  171  18:04  Medivac  
  179  18:07  Medivac  
  179  18:08  Marauder  
  179  18:11  Marauder  
  185  18:17  Ghost, Marine x2  
  185  18:18  Marauder, Marine  
  192  18:20  Marine  
  192  18:21  Marine  
  192  18:25  Marine  
  195  18:28  Marauder  
  195  18:29  Marine  
  195  18:32  Ghost  
  186  18:38  Ghost  
  186  18:40  Marine x2  
  189  18:42  Marine x2  
  189  18:47  Marauder  
  189  18:48  Marauder  
  167  18:50  Marauder, Marine  
  155  19:00  Marine  
  155  19:01  Marine, Marauder  
  159  19:03  Marine x2  
  159  19:05  Marine  
  159  19:07  Ghost x2  
  159  19:09  Marauder  
  141  19:17  Marauder, Marine  
  128  19:28  Liberator x2  
  134  19:32  Ghost  
  134  19:37  Marauder  
  138  19:39  Orbital Command, Marauder  
  138  19:42  Marauder  
  141  19:47  Marauder  
  143  19:58  Marine, Marauder  
  144  20:01  Marauder, Marine  
  144  20:03  Marine  
  144  20:04  Marine x2  
  147  20:08  Marauder  
  147  20:13  Marauder  
  151  20:18  Liberator  
  151  20:19  Marauder  
  156  20:23  Marauder  
  156  20:25  Marauder  
  156  20:26  Marine  
  161  20:29  Marauder  
  161  20:34  Marauder  
  165  20:41  Marauder  
  165  20:43  Ghost  
  165  20:48  Ghost  
  165  20:49  Marine x2  
  171  20:51  Marauder  
  171  20:54  Marine x2  
  171  20:56  Marauder  
  171  21:02  Marine x2, Marauder  
  175  21:12  Marauder  
  175  21:13  Marauder  
  175  21:17  Marauder  
  181  21:20  Medivac x2  
  185  21:27  Medivac  
  185  21:29  Refinery  
  185  21:30  Refinery  
  185  21:31  Marauder, Command Center  
  189  21:34  Marauder  
  191  21:45  Medivac  
  193  21:53  Medivac  
  189  22:06  Marauder  
  188  22:08  Marauder x2  
  188  22:13  Marauder  
  186  22:16  Marine x3, Marauder  
  186  22:18  Marine x2  
  186  22:20  Marine  
  154  22:28  Marauder  
  154  22:29  Marine x2  
  144  22:34  Marine, Marauder  
  144  22:37  Marauder  
  144  22:38  Marine x2  

Tags
 
Add a new tag
Caveats
  • Supply blocks, unpowered buildings, or Contaminate may cause inaccurate times.
  • Supply counts are checked every 10 seconds.